 Dungeon Crawl Stone Soup version 0.27.0-1-g7a089689b8 (webtiles) character file.

Game seed: 619037960733849519

373 Kukuleta the Skirmisher (level 6, -10/56 HPs)
             Began as a Draconian Gladiator on Aug 8, 2021.
             Was an Initiate of Vehumet.
             Mangled by an ogre (23 damage)
             ... on level 4 of the Dungeon.
             The game lasted 00:10:46 (4219 turns).

Kukuleta the Skirmisher (Draconian Gladiator)       Turns: 4219, Time: 00:10:48

Health: -10/56     AC:  6    Str: 17    XL:     6   Next: 43%
Magic:  6/8        EV: 13    Int:  9    God:    Vehumet [......]
Gold:   97         SH:  0    Dex: 13    Spells: 6/8 levels left

rFire    . . .     SeeInvis .   a - +0 long sword
rCold    . . .     Faith    .   (no shield)
rNeg     . . .     Spirit   .   (armour unavailable)
rPois    .         Reflect  .   b - +0 hat
rElec    .         Harm     .   (no cloak)
rCorr    .         Rampage  .   (no gloves)
Will     .....                  (no boots)
Stlth    +.........             (no amulet)
HPRegen  0.18/turn              (no ring)
MPRegen  0.11/turn              (no ring)

@: very slightly contaminated
A: AC +6, unfitting armour, cold-blooded
a: Renounce Religion


You were on level 4 of the Dungeon.
You worshipped Vehumet.
Vehumet was noncommittal.
You visited 2 branches of the dungeon, and saw 5 of its levels.

You collected 97 gold pieces.

Inventory:

Hand Weapons
 a - a +0 long sword (weapon)
Missiles
 c - 3 throwing nets (quivered)
Armour
 b - a +0 hat (worn)
Jewellery
 m - a ring of willpower
Scrolls
 d - 2 scrolls of fog {unknown}
 e - a scroll of magic mapping {unknown}
 g - a scroll of enchant weapon {unknown}
 j - 2 scrolls of identify {unknown}
 k - a scroll of noise {unknown}
 l - a scroll of brand weapon {unknown}
 n - a scroll of teleportation {unknown}
Potions
 f - 2 potions of curing {unknown}
 h - a potion of lignification {unknown}
 i - a potion of cancellation {unknown}
 o - a potion of brilliance {unknown}


   Skills:
 * Level 5.0 Fighting
 + Level 4.1 Long Blades
 - Level 1.7 Throwing
 + Level 3.8 Dodging
 + Level 1.5 Spellcasting
 + Level 1.8 Translocations


You had 6 spell levels left.
You knew the following spells:

 Your Spells              Type           Power      Damage    Failure   Level
a - Blink                 Tloc           N/A        N/A       26%         2

Your spell library contained the following spells:

 Spells                   Type           Power      Damage    Failure   Level
 Manifold Assault         Tloc           3%         N/A       99%         5
 Shadow Creatures         Summ           N/A        N/A       100%        6
 Monstrous Menagerie      Summ           0%         N/A       100%        7
 Spellforged Servitor     Conj/Summ      0%         N/A       100%        7
 Storm Form               Tmut/Air       0%         N/A       100%        7


Dungeon Overview and Level Annotations

Branches:
Dungeon (4/15)             Temple (1/1) D:4

Altars:
Ashenzari
Cheibriados
Dithmenos
Elyvilon
Fedhas
Hepliaklqana
Kikubaaqudgha
Makhleb
Nemelex Xobeh
Okawaru
Qazlal
Ru
Sif Muna
Trog
Vehumet
Wu Jian
Xom
Yredelemnul
Zin
The Shining One

Shops:
D:3 [[**[


Innate Abilities, Weirdness & Mutations

Your plain brown scales are hard. (AC +6)
You cannot fit into any form of body armour.
You are cold-blooded and may be slowed by cold attacks.


Message History

The hound is heavily wounded.
The hound pauses to sniff the ground.
The hound misses you. The hound bites you but does no damage.
You hit the hound.
The hound is almost dead.
The hound closely misses you. The hound bites you.
You completely miss the hound.
Your tail-slap misses the hound.
The hound is almost dead.
The hound barely misses you.
You riposte.
You hit the hound.
The hound is almost dead.
The hound bites you but does no damage.
You closely miss the hound.
Your tail-slap misses the hound.
The hound is almost dead.
The hound bites you but does no damage. The hound bites you.
You slash the hound!
You kill the hound!
Vehumet accepts your kill.
Your Fighting skill increases to level 5!
You see here a hound corpse.
o - a viscous green potion
Found a stone staircase leading down.
There is a stone staircase leading down here.
j - 2 scrolls labelled EVUISUMAUS (gained 1)
An ogre comes into view. It is wielding a +0 giant club.
Found a trident.
You now have 97 gold pieces (gained 6).
The ogre shouts!
You barely miss the ogre.
The ogre hits you with a +0 giant club!!
You hit the ogre.
Your tail-slap misses the ogre.
The ogre is lightly wounded.
The ogre hits you with a +0 giant club!!
* * * LOW HITPOINT WARNING * * *
Casting: Blink (dangerous; 26% risk of failure)
Confirm with . or Enter, or press ? or * to list all spells.
You miscast Blink.
You are very lightly contaminated with residual magic.
Nothing appears to happen.
The ogre hits you with a +0 giant club!!
You die...

#.# ###### #.# .....###.#
.........# ####.##..#
#.##..# ####.##..#########
.....##..#.....>.#
###..##..#.#####@#
#..##..#.#####O#########
###).##..#.##.............
...(..........##.#########
###..####...####.## #†.#
........#.######## #.##
##...####.?.....).. ...
##.## #.###.##.#. .....
..# #. #


You could see an ogre.

Vanquished Creatures
  A phantom (D:4)
  A centaur skeleton (D:4)
  3 hounds (D:4)
  An orc wizard (D:3)
  A hound skeleton (D:4)
  6 adders
  A worm (D:3)
  8 orcs
  6 ball pythons
  10 endoplasms
  A giant cockroach (D:3)
  2 hobgoblins
  8 jackals (D:3)
  7 kobolds
  2 quokkas
  6 bats
  3 frilled lizards
  4 goblins
  9 rats
80 creatures vanquished.

Notes
Turn   | Place    | Note
-------+----------+-------------------------------------------
     0 | D:1      | Kukuleta the Draconian Gladiator began the quest for the
                  | Orb.
     0 | D:1      | Reached XP level 1. HP: 17/17 MP: 1/1
   334 | D:1      | Reached XP level 2. HP: 25/25 MP: 2/2
   588 | D:1      | Reached skill level 3 in Fighting
  1084 | D:1      | Reached XP level 3. HP: 31/31 MP: 3/3
  2448 | D:3      | Found Anoor's General Store.
  2481 | D:3      | Reached XP level 4. HP: 33/40 MP: 4/4
  2532 | D:3      | Got the Incunabulum of Companions
  2536 | D:3      | Learned a level 2 spell: Blink
  2671 | D:3      | Found Nipre's Antique Armour Shop.
  2692 | D:3      | Found Maqistral's Assorted Antiques.
  2727 | D:3      | Reached skill level 4 in Fighting
  2946 | D:3      | Found a faded altar of an unknown god.
  2951 | D:3      | Found Yroisy's Antique Armour Shoppe.
  3245 | D:3      | Reached XP level 5. HP: 46/46 MP: 5/5
  3249 | D:3      | Found Fexa Ily's Antique Armour Shop.
  3447 | D:4      | Reached skill level 1 in Translocations
  3449 | D:4      | Found a staircase to the Ecumenical Temple.
  3462 | D:4      | Reached skill level 1 in Spellcasting
  3475 | Temple   | Entered the Ecumenical Temple
  3594 | Temple   | Became a worshipper of Vehumet
  3647 | D:4      | Noticed a phantom
  3675 | D:4      | Killed a phantom
  3676 | D:4      | Reached XP level 6. HP: 8/53 MP: 7/7
  4124 | D:4      | Reached skill level 5 in Fighting
  4219 | D:4      | Mangled by an ogre

Illustrated notes

Levels and vault maps discovered:
D:1:      dpeg_arrival_orchard, layout_loops_corners, minmay_domino_2
D:2:      layout_basic
D:3:      layout_basic, serial_shops, nicolae_shop_statue_plus,
          nicolae_shop_stone, nicolae_diamond_shop, shop, shop_statue,
          shapermc_ecumenical_altar_venn, minmay_misc_feat_pillars
D:4:      layout_loops_ring, minmay_temple_entry_slanted, uniq_duvessa
Temple:   regret_index_temple_chain_breaker

Skill      XL: |  1  2  3  4  5  6 |
---------------+-------------------+-----
Fighting       | 3 4 5 |  5.0
Dodging        | 3 |  3.8
Translocations | 1 |  1.8
Spellcasting   | 1 |  1.5
Long Blades    | 4 |  4.1
Throwing       | |  1.7

Action                   |  1- 3 |  4- 6 || total
-------------------------+-------+-------++-------
Melee: Long sword        |    91 |   135 ||   226
       Tailslap          |    14 |    21 ||    35
 Stab: Sleeping          |     1 |     1 ||     2
Armor: Skin              |    25 |    44 ||    69
Dodge: Dodged            |    53 |   104 ||   157
       Rpst.: Long sword |    15 |    28 ||    43
